Map: Ever Dream LE

Players

MeomaikA - Winner!

  • Race: Zerg Zerg
  • League: Grandmaster
  • Spawn Location: 1:00

Azure

  • Race: Terran Terran
  • League: Master
  • Spawn Location: 7:00

Event: DreamHack SC2 Masters 2020 Summer Oceania RoA

VOD

Have the link to the VOD?

Description

Time

  • Played on: June 24, 2020, 5:13 a.m.
  • Length: 13:57

All games in this series

Show
View Real Time Build Order
Export as new Build Order

MeomaikA Zerg - Winner!

Build Orders: Hatch First 

Get SALT Encoding   

  12  0:00  Drone  
  13  0:08  Drone  
  14  0:16  Overlord  
  14  0:25  Drone, Extractor  
  15  0:34  Drone  
  15  0:35  Drone  
  17  0:51  Hatchery  
  17  0:55  Drone  
  17  1:07  Spawning Pool  
  17  1:11  Drone  
  17  1:12  Extractor  
  17  1:15  Drone  
  17  1:19  Drone  
  18  1:26  Drone  
  19  1:37  Overlord  
  19  1:53  Queen  
  21  1:54  Zergling x2  
  21  1:59  Zergling x2  
  23  2:04  Drone  
  23  2:06  Roach Warren  
  23  2:07  Queen  
  25  2:11  Drone  
  26  2:27  Spore Crawler  
  25  2:33  Overlord  
  25  2:36  Drone  
  27  2:46  Roach x2  
  27  2:47  Roach x2  
  27  2:48  Drone  
  36  2:53  Drone  
  36  2:57  Metabolic Boost  
  36  2:58  Drone  
  38  3:04  Drone  
  39  3:08  Drone  
  40  3:18  Drone x4  
  40  3:19  Drone  
  44  3:23  Overlord  
  44  3:30  Overlord  
  44  3:33  Drone  
  44  3:39  Overlord  
  44  3:42  Zergling x4  
  44  3:45  Zergling x2  
  44  3:48  Zergling x2  
  47  3:56  Zergling x2  
  47  3:58  Zergling x2  
  49  4:06  Drone  
  49  4:08  Drone x3  
  53  4:10  Evolution Chamber  
  53  4:12  Evolution Chamber  
  53  4:14  Drone  
  53  4:16  Hatchery  
  51  4:17  Ravager  
  51  4:19  Ravager  
  51  4:23  Drone x2  
  55  4:29  Drone  
  56  4:33  Drone x4  
  56  4:37  Drone  
  56  4:38  Drone x2  
  58  4:41  Overlord  
  58  4:45  Zerg Ground Armor Level 1  
  59  4:48  Overlord  
  59  4:53  Drone  
  59  4:56  Extractor  
  59  4:57  Extractor  
  59  4:58  Overlord  
  58  5:01  Overlord  
  54  5:20  Roach x3  
  54  5:21  Zergling x8  
  59  5:26  Roach  
  58  5:31  Zergling x8  
  58  5:33  Queen  
  58  5:34  Queen x2  
  69  5:35  Zergling x2  
  69  5:37  Zergling x2  
  69  5:39  Zergling x2  
  71  5:43  Zerg Melee Weapons Level 1  
  71  5:45  Drone x2  
  71  5:46  Overlord, Drone  
  75  5:50  Overlord, Drone  
  75  5:57  Drone  
  75  6:01  Overlord x2  
  75  6:03  Overlord  
  75  6:05  Drone  
  75  6:06  Drone  
  75  6:07  Spore Crawler  
  75  6:11  Spore Crawler, Drone  
  77  6:17  Overlord  
  77  6:18  Drone x3  
  79  6:20  Drone  
  79  6:22  Drone  
  79  6:25  Lair  
  81  6:31  Ravager x4  
  81  6:32  Drone x2  
  87  6:33  Drone  
  88  6:40  Overlord  
  88  6:42  Drone  
  89  6:53  Drone x8  
  89  6:54  Overlord, Drone  
  97  6:57  Extractor  
  96  7:02  Drone  
  96  7:05  Drone x2  
  96  7:06  Hatchery  
  93  7:10  Drone  
  94  7:17  Queen x2  
  98  7:23  Queen  
  98  7:25  Infestation Pit, Zerg Ground Armor Level 2  
  98  7:26  Zergling x2  
  98  7:27  Zergling x4  
  101  7:37  Zergling x12  
  106  7:45  Zerg Melee Weapons Level 2  
  106  7:47  Zergling x6  
  106  7:48  Extractor  
  106  7:50  Zergling x6, Baneling Nest  
  110  7:52  Zergling x2  
  110  7:53  Zergling x4  
  110  7:55  Zergling x4  
  115  7:59  Drone  
  115  8:02  Zergling x2  
  117  8:08  Hive  
  117  8:09  Hatchery  
  117  8:10  Zergling x4  
  118  8:16  Zergling x4  
  118  8:17  Overlord x2  
  118  8:19  Drone  
  121  8:20  Drone x3  
  121  8:21  Zergling x2  
  125  8:30  Zergling x12  
  123  8:35  Centrifical Hooks  
  123  8:38  Zergling x6  
  123  8:40  Zergling x2  
  127  8:46  Drone x3  
  127  8:47  Zergling x2, Drone  
  132  8:50  Baneling x13  
  132  8:51  Baneling x2  
  132  8:55  Zergling x6  
  135  8:59  Baneling x7  
  135  9:01  Zergling x2  
  135  9:02  Zergling x2  
  137  9:04  Zergling x2  
  137  9:07  Zergling x4  
  140  9:12  Zergling x2  
  140  9:13  Zergling x6  
  140  9:14  Zergling x4  
  146  9:22  Zergling x12  
  152  9:25  Drone x4  
  152  9:28  Drone  
  152  9:29  Drone  
  158  9:32  Adrenal Glands  
  158  9:43  Overlord  
  158  9:46  Spore Crawler  
  158  9:48  Baneling  
  158  9:49  Baneling  
  158  9:51  Zerg Ground Armor Level 3  
  151  10:03  Zerg Melee Weapons Level 3  
  151  10:05  Zergling x34  
  166  10:07  Overlord x2  
  166  10:19  Spore Crawler x2  
  164  10:23  Ultralisk Cavern  
  163  10:35  Drone x3  
  165  10:37  Drone x3  
  165  10:39  Drone x5  
  165  10:40  Drone  
  165  10:41  Zergling x18, Unknown  
  165  10:42  Overlord x2  
  182  10:47  Overlord  
  182  10:49  Overlord  
  182  10:59  Queen, Baneling x20  
  184  11:09  Drone x4  
  184  11:10  Chitinous Plating  
  184  11:11  Drone x3  
  188  11:23  Hatchery  
  142  12:00  Zergling x70  
  146  12:10  Zergling x10  
  146  12:12  Zergling x6  
  153  12:20  Zergling x2  
  154  12:25  Baneling x6  
  154  12:26  Zergling x8  
  158  12:30  Zergling x2  
  158  12:32  Zergling x2  
  158  12:33  Zergling x2  
  158  12:34  Zergling x2  
  158  12:35  Zergling x2  
  162  12:41  Zergling x6  
  158  12:48  Zergling x2  
  158  12:49  Zergling x6  
  158  12:50  Zergling x2  
  146  12:55  Ultralisk x8  
  146  12:56  Zergling x8  
  146  12:57  Zergling x2  
  146  12:58  Zergling x2  
  197  13:00  Anabolic Synthesis  
  197  13:06  Zergling x6  
  197  13:09  Extractor  
  199  13:15  Zergling x2  
  192  13:28  Zergling x2, Baneling x28  
  192  13:29  Zergling x12  
Show
View Real Time Build Order
Export as new Build Order

Azure Terran 

Build Orders: Reaper Expand 

Get SALT Encoding   

  12  0:00  SCV  
  13  0:13  SCV  
  14  0:17  Supply Depot  
  14  0:25  SCV  
  15  0:38  SCV  
  15  0:39  Barracks  
  16  0:44  Refinery  
  16  0:50  SCV  
  17  1:02  SCV  
  18  1:14  SCV  
  19  1:26  Reaper  
  19  1:27  Orbital Command  
  20  1:41  Command Center  
  20  1:53  SCV  
  21  1:55  Supply Depot  
  21  1:58  Marine  
  22  2:05  SCV  
  23  2:09  Factory  
  23  2:13  Refinery  
  23  2:17  SCV  
  23  2:21  Barracks Reactor  
  24  2:29  SCV  
  25  2:41  SCV  
  26  2:53  SCV, Orbital Command  
  26  3:02  Starport  
  26  3:04  Hellion x2  
  30  3:05  SCV  
  31  3:19  Barracks Tech Lab  
  31  3:20  SCV  
  31  3:21  SCV  
  33  3:28  Hellion x2  
  33  3:32  SCV  
  33  3:33  SCV  
  39  3:38  Supply Depot  
  39  3:40  Viking  
  41  3:44  SCV  
  41  3:45  SCV  
  43  3:52  Hellion  
  43  3:56  SCV  
  38  4:05  Hellion  
  39  4:14  Hellion  
  40  4:17  SCV  
  40  4:23  SCV  
  41  4:27  Marauder  
  43  4:44  SCV  
  44  4:49  Orbital Command  
  44  4:53  Supply Depot  
  44  4:57  SCV  
  45  5:09  SCV  
  46  5:15  Supply Depot, Hellion x2, Liberator  
  49  5:21  SCV  
  49  5:26  SCV  
  49  5:33  Command Center  
  49  5:34  SCV  
  50  5:38  SCV  
  50  5:41  Supply Depot  
  51  5:43  Stimpack, Marine  
  52  5:50  SCV  
  52  5:51  Factory Tech Lab  
  52  5:53  SCV  
  52  5:55  Barracks  
  54  5:57  Barracks  
  54  5:59  Starport Reactor  
  54  6:03  SCV  
  55  6:06  SCV  
  55  6:11  Supply Depot  
  56  6:15  SCV  
  56  6:18  Supply Depot  
  57  6:19  SCV, Supply Depot  
  57  6:21  Siege Tank  
  57  6:24  Supply Depot  
  61  6:27  SCV  
  61  6:31  SCV  
  63  6:33  Engineering Bay  
  63  6:35  Engineering Bay  
  63  6:37  Marine  
  63  6:39  SCV  
  65  6:43  SCV  
  65  6:46  Orbital Command  
  66  6:48  Marine  
  66  6:49  Marine  
  66  6:51  SCV  
  66  6:53  Starport Reactor, Marine x2  
  68  6:55  SCV  
  68  6:56  Marine  
  70  7:03  SCV  
  70  7:06  Marine  
  70  7:07  SCV  
  63  7:09  Terran Infantry Armor Level 1  
  63  7:10  Refinery  
  63  7:11  Terran Infantry Weapons Level 1, Marine  
  63  7:12  Refinery  
  63  7:15  SCV, Marine  
  64  7:16  Marine x2  
  64  7:19  SCV, Bunker  
  64  7:22  SCV  
  68  7:26  Siege Tank  
  68  7:27  SCV  
  72  7:31  SCV, Combat Shield  
  72  7:36  Marine x3  
  76  7:37  Marine x2  
  76  7:40  SCV  
  78  7:46  Medivac  
  78  7:47  Medivac  
  78  7:50  SCV  
  83  7:51  Orbital Command  
  83  7:54  Marine x2  
  83  7:55  Supply Depot  
  83  7:57  Marine x3  
  88  7:58  Supply Depot  
  88  8:00  Supply Depot  
  88  8:03  Barracks  
  88  8:05  Barracks  
  88  8:10  SCV  
  88  8:11  Marine x2  
  91  8:14  SCV, Marine  
  91  8:17  Marine x2  
  95  8:20  SCV  
  95  8:22  SCV, Supply Depot  
  95  8:23  Supply Depot  
  95  8:27  SCV  
  98  8:29  Marine x2  
  98  8:32  SCV, Marine  
  98  8:34  Medivac x2  
  106  8:35  SCV  
  106  8:38  Supply Depot  
  106  8:39  SCV, Supply Depot  
  106  8:41  Marine x2  
  110  8:44  SCV  
  110  8:45  Siege Tank  
  110  8:47  SCV  
  115  8:50  Armory  
  115  8:51  SCV  
  115  8:52  Marine x3  
  115  8:55  Barracks Reactor x2  
  119  8:56  SCV  
  119  8:58  Supply Depot  
  119  8:59  SCV  
  119  9:01  Marine  
  123  9:03  SCV  
  123  9:07  Supply Depot  
  123  9:08  SCV, Supply Depot  
  125  9:10  Marine x3  
  125  9:11  SCV  
  125  9:13  Refinery  
  125  9:14  Refinery  
  125  9:15  SCV  
  129  9:18  Supply Depot  
  129  9:20  Factory  
  129  9:21  SCV  
  129  9:23  Supply Depot, Marine x2  
  129  9:24  SCV  
  133  9:28  Marine x2  
  133  9:29  Siege Tank  
  138  9:32  SCV, Supply Depot  
  138  9:33  Supply Depot  
  138  9:36  Marine x4  
  143  9:39  Medivac  
  143  9:40  Marine  
  143  9:41  Marine  
  147  9:47  Medivac  
  147  9:48  Marine  
  147  9:49  Marine x2  
  152  9:53  Marine x2  
  154  10:01  Siege Tank  
  154  10:05  Marine x4  
  159  10:07  Marauder, Terran Infantry Weapons Level 2  
  161  10:14  Factory Tech Lab  
  161  10:15  Supply Depot, Marine x2  
  161  10:17  Marine x2  
  161  10:20  Command Center  
  165  10:23  Medivac, Marine x3  
  165  10:25  Marine  
  171  10:33  Marine, Siege Tank  
  171  10:34  Marine  
  171  10:35  Marine  
  175  10:37  Marine, Sensor Tower  
  176  10:44  Marauder, Marine, Barracks  
  176  10:45  Barracks  
  176  10:48  Barracks, Siege Tank  
  182  10:52  Marine x2  
  182  10:54  Marine  
  182  10:55  Marine  
  182  10:56  Marine x3  
  189  11:05  Siege Tank  
  189  11:06  Marauder  
  189  11:09  Marine  
  189  11:10  Marine x2  
  189  11:11  Medivac x2  
  197  11:12  Marine  
  197  11:17  Marine x2  
  200  11:20  Marine x2  
  200  11:31  Fusion Core  
  200  11:32  Starport x2  
  200  11:45  Marine  
  200  11:49  Marine x2  
  156  11:57  Marine  
  156  11:58  Marine x3  
  105  12:04  Marauder, Marine x2  
  105  12:06  SCV x3  
  105  12:08  Planetary Fortress  
  100  12:09  Marine x2  
  103  12:16  Barracks Reactor, Barracks Tech Lab x2  
  103  12:17  Starport Reactor x2  
  103  12:18  SCV x3  
  105  12:26  Marauder  
  105  12:28  Marine x2  
  109  12:30  SCV x3, Marine  
  109  12:31  Marine x2  
  109  12:33  Marine  
  119  12:37  Siege Tank  
  119  12:40  Siege Tank  
  119  12:42  SCV x2  
  119  12:43  SCV  
  121  12:47  Marauder  
  121  12:50  Marine  
  121  12:51  Marine  
  110  12:52  Marine  
  110  12:53  Marine x2  
  110  12:54  Marine x3  
  110  12:58  Marine x2  
  117  13:01  Command Center  
  117  13:03  Marauder  
  117  13:04  Marine  
  118  13:09  SCV  
  118  13:10  Marauder, Marine  
  122  13:13  SCV  
  122  13:14  SCV  
  122  13:19  Marine x2  
  126  13:25  Marauder, Marine x2  
  130  13:29  Sensor Tower  
  130  13:34  Marauder, Marine x2  
Tags
 
Add a new tag
Caveats
  • Supply blocks, unpowered buildings, or Contaminate may cause inaccurate times.
  • Supply counts are checked every 10 seconds.